 Dungeon Crawl Stone Soup version 0.25.1-2-g60ff931df9 (webtiles) character file.

Game seed: 16948659069644009792

32 growler the Chiller (level 2, -2/20 HPs)
             Began as a Demigod Ice Elementalist on Oct 3, 2020.
             Slain by a goblin
             ... wielding a cursed +0 dagger
             ... led by Robin
              (6 damage)
             ... on level 2 of the Dungeon.
             The game lasted 00:03:35 (1680 turns).

growler the Chiller (Demigod Ice Elementalist)      Turns: 1680, Time: 00:03:35

Health: -2/20      AC:  3    Str: 11    XL:     2   Next: 93%
Magic:  5/7        EV: 12    Int: 19    God:
Gold:   63         SH:  0    Dex: 16    Spells: 4/5 levels left

rFire    . . .     SeeInvis .   (no weapon)
rCold    . . .     Gourm    .   (no shield)
rNeg     . . .     Faith    .   a - +0 robe
rPois    .         Spirit   .   (no helmet)
rElec    .         Reflect  .   b - +0 cloak
rCorr    .         Harm     .   (no gloves)
MR       .....                  (no boots)
Stlth    ++........             (no amulet)
HPRegen  0.06/turn              (no ring)
MPRegen  0.10/turn              (no ring)

@: no status effects
A: high mp 1
a: no special abilities


You were on level 2 of the Dungeon.
You were not hungry.

You visited 1 branch of the dungeon, and saw 2 of its levels.

You collected 63 gold pieces.

Inventory:

Armour
 a - a +0 robe (worn)
 b - a +0 cloak (worn)
   (You found it on level 2 of the Dungeon)
 i - a +0 buckler
   (You found it on level 2 of the Dungeon)
Scrolls
 c - a scroll of fear {unknown}
 d - 2 scrolls of remove curse {@r2}
 g - a scroll of identify {@r1}
 k - a scroll of enchant armour {unknown}
Potions
 f - 2 potions of heal wounds {unknown}
 h - a potion of mutation {!q}
 j - a potion of magic {unknown}
 l - a potion of ambrosia {unknown}
 n - a potion of brilliance {unknown}
Comestibles
 e - 5 rations {!d}
 m - a chunk of flesh


   Skills:
 - Level 1.7 Dodging
 - Level 1.7 Stealth
 - Level 2.0 Spellcasting
 + Level 4.4 Ice Magic


You had 4 spell levels left.
You knew the following spells:

 Your Spells              Type           Power        Failure   Level  Hunger
a - Freeze                Ice            ###.         2%          1    #......

Your spell library contained the following spells:

 Spells                   Type           Power        Failure   Level  Hunger
 Frozen Ramparts          Ice            ###...       9%          3    ###....
 Ozocubu's Armour         Chrm/Ice       ##......     21%         3    ###....
 Hailstorm                Conj/Ice       ##......     56%         4    #####..
 Summon Ice Beast         Ice/Summ       ##......     56%         4    #####..


Dungeon Overview and Level Annotations

Branches:
Dungeon (2/15)

Annotations:
D:2 1 runed translucent door, Crazy Yiuf, Robin


Innate Abilities, Weirdness & Mutations

You have an increased reservoir of magic. (+10% MP)


Message History

You see here a bat skeleton. x2
n - a coppery potion
Found a ration.
e - 5 rations {!d} (gained 1)
Found 10 gold pieces.
You now have 63 gold pieces (gained 10).
A goblin comes into view.
The goblin shouts!
The goblin wields a +0 hunting sling.
The goblin shoots a stone.
The stone barely misses you.
You see here a stone.
A goblin comes into view. It is wielding a +0 dagger.
A goblin comes into view. It is wielding a +0 club.
The goblin shoots a stone.
The stone hits you.
You see here a stone.
Robin of the Strong Arm comes into view.
They are wielding a +0 mace and wearing a +1 helmet of see invisible.
The goblin shoots a stone.
The stone hits you.
The goblin shouts!
You see here a stone.
You hear a shout! x3
A goblin comes into view. It is wielding a +0 dagger.
The goblin shoots a stone.
The stone hits you but does no damage. Robin throws the goblin at you!
The goblin hits you with a dagger.
The goblin moves out of view.
You see here a stone.
Aim: a goblin, wielding a +0 dagger You freeze the goblin.
Robin throws the goblin at you!
The goblin hits you but does no damage. x2
You closely miss the goblin.
The goblin shoots a stone.
The stone barely misses you.
The stone misses the goblin.
A hobgoblin comes into view.
Robin roars a battlecry!
The goblins go into a battle-frenzy!
The goblin hits you but does no damage. The goblin completely misses you.
You hear a shout!
Aim: a goblin, wielding a +0 dagger (moderately wounded, strong)
You freeze the goblin.
The goblin shoots a stone.
The stone closely misses you.
The stone closely misses the goblin.
The goblin hits you with a +0 dagger.
* * * LOW HITPOINT WARNING * * *
The goblin hits you but does no damage. The goblin hits you with a +0 dagger.
* * * LOW HITPOINT WARNING * * *
As you read the scroll labeled OLOYSU PIPNECA, it crumbles to dust.
You feel blessed for a moment.
It was a scroll of remove curse.
The goblin hits you but does no damage.
As you read the scroll labeled VAMIOLAAN, it crumbles to dust.
It is a scroll of identify.
h - a potion of mutation The goblin hits you with a cursed +0 dagger.
You die...

#.# #.# #.# #.# #.# #.#
#.# #.# ########## ..#
.......@.#
#################g#
.............(.((g#
#################gg.ggg..
#.####### #.# #.# ..# ###


You could see 4 goblins.

Vanquished Creatures
  4 bats
  2 giant cockroaches
  A goblin (D:1)
  3 hobgoblins (D:1)
  3 jackals (D:1)
  5 kobolds (D:1)
  5 frilled lizards
  8 rats
31 creatures vanquished.

Notes
Turn   | Place    | Note
-------+----------+-------------------------------------------
     0 | D:1      | growler the Demigod Ice Elementalist began the quest for
                  | the Orb.
     0 | D:1      | Reached XP level 1. HP: 14/14 MP: 5/5
   593 | D:1      | Reached skill level 4 in Ice Magic
   597 | D:1      | Reached XP level 2. HP: 20/20 MP: 2/7
  1547 | D:2      | Found a runed translucent door.
  1548 | D:2      | Noticed Crazy Yiuf
  1671 | D:2      | Noticed Robin
  1680 | D:2      | Slain by a goblin

Illustrated notes

Levels and vault maps discovered:
D:1:      saegor_arrival_simple_e, layout_loops_cross
D:2:      layout_loops_ring, minmay_tetromino_s2, uniq_crazy_yiuf_cottage,
          uniq_robin

Skill      XL: |  1 |
---------------+----+-----
Spellcasting   | 2 |  2.0
Ice Magic      | 4 |  4.4
Dodging        | |  1.7
Stealth        | |  1.7

Action                   || total
-------------------------++-------
Melee: Unarmed           ||     9
 Cast: Freeze            ||    45
  Use: Scroll            ||     2
  Eat: Chunk             ||     3
Armor: Robe              ||    19
Dodge: Dodged            ||    32
